Map: 드림캐처 - 래더

Players

Lambo - Winner!

  • Race: Zerg Zerg
  • League: Master
  • Spawn Location: 11:00

Zest

  • Race: Protoss Protoss
  • League: Master
  • Spawn Location: 5:00

Event: HomeStory Cup XVII

VOD

Have the link to the VOD?

Description

Time

  • Played on: June 28, 2018, 8:02 a.m.
  • Length: 7:52

All games in this series

Show
View Real Time Build Order
Export as new Build Order

Lambo Zerg - Winner!

Build Orders: Hatch First 

Get SALT Encoding   

  12  0:00  Drone  
  13  0:12  Overlord  
  13  0:16  Drone  
  14  0:30  Drone x2  
  16  0:47  Hatchery  
  15  0:51  Drone  
  15  0:54  Drone  
  17  0:58  Drone  
  18  1:07  Extractor  
  17  1:12  Spawning Pool  
  17  1:15  Drone  
  17  1:21  Drone  
  18  1:28  Drone  
  20  1:40  Drone  
  20  1:54  Overlord  
  20  2:00  Queen x2  
  20  2:01  Zergling x4  
  26  2:09  Metabolic Boost  
  26  2:12  Drone  
  26  2:13  Drone  
  28  2:27  Drone x2  
  30  2:36  Hatchery  
  29  2:41  Drone  
  29  2:43  Drone  
  29  2:44  Drone  
  32  2:48  Overlord  
  32  2:56  Queen  
  34  2:58  Drone  
  35  3:06  Drone x2  
  35  3:08  Drone x2  
  35  3:10  Drone x2  
  41  3:15  Overlord  
  41  3:19  Drone x2  
  43  3:22  Overlord  
  43  3:25  Drone  
  44  3:33  Queen  
  44  3:34  Drone x2  
  48  3:42  Drone x2  
  48  3:43  Lair  
  48  3:47  Spore Crawler  
  49  3:49  Spore Crawler  
  49  3:50  Drone  
  49  3:55  Drone x2  
  50  3:57  Extractor  
  50  3:58  Overlord, Extractor  
  50  3:59  Drone  
  50  4:01  Drone  
  50  4:03  Drone  
  50  4:07  Drone x2  
  50  4:13  Drone x2  
  50  4:15  Drone  
  53  4:17  Overlord  
  53  4:20  Drone  
  53  4:24  Queen  
  54  4:26  Drone  
  54  4:29  Drone x2  
  59  4:35  Drone x2  
  59  4:36  Drone  
  62  4:42  Drone x2, Extractor  
  62  4:43  Hydralisk Den  
  62  4:48  Drone x3  
  62  4:49  Overlord  
  62  4:50  Zergling x2  
  66  4:55  Zergling x2  
  66  4:56  Zergling x4  
  66  4:59  Drone  
  70  5:01  Baneling Nest, Queen  
  71  5:13  Hydralisk  
  73  5:15  Overlord, Hydralisk x3  
  73  5:18  Grooved Spines  
  73  5:20  Hydralisk  
  81  5:26  Overlord  
  81  5:34  Overlord, Hydralisk x4  
  89  5:40  Hydralisk x2  
  89  5:44  Queen  
  89  5:45  Hydralisk  
  93  5:50  Hydralisk  
  93  5:52  Overlord  
  93  5:53  Hydralisk  
  93  5:56  Zergling x4  
  99  6:00  Overlord  
  99  6:01  Hydralisk  
  99  6:04  Zergling x4  
  103  6:06  Hydralisk  
  103  6:08  Overlord  
  103  6:11  Hydralisk  
  105  6:13  Overlord  
  105  6:17  Hydralisk  
  109  6:27  Hydralisk x3  
  109  6:30  Queen  
  117  6:33  Hydralisk  
  117  6:34  Zergling x6  
  117  6:39  Zergling x8  
  124  6:46  Hydralisk  
  120  6:47  Zergling x6  
  120  6:51  Hydralisk x2  
  129  6:56  Zergling x2  
  129  7:00  Baneling  
  129  7:02  Overlord  
  129  7:04  Overlord  
  129  7:08  Baneling x2  
  129  7:09  Baneling x7  
  129  7:10  Overlord  
  129  7:11  Overlord  
  129  7:12  Overlord  
  129  7:14  Baneling  
  129  7:15  Overlord  
  129  7:21  Hydralisk, Zergling x4  
  127  7:25  Hydralisk x2  
  127  7:26  Zergling x2  
  110  7:30  Zergling x4  
  110  7:32  Zergling x2  
  110  7:33  Zergling x2  
Show
View Real Time Build Order
Export as new Build Order

Zest Protoss 

Build Orders: 1 Gate Expand, Oracle Opening, Phoenix Opening, Zealot Archon, Archon Drop 

Get SALT Encoding   

  12  0:00  Probe  
  13  0:12  Probe  
  14  0:18  Pylon  
  14  0:24  Probe  
  15  0:32  Probe  
  15  0:40  Gateway, Probe  
  16  0:47  Assimilator  
  17  0:51  Probe  
  18  1:03  Probe  
  19  1:15  Probe  
  20  1:25  Nexus  
  20  1:34  Cybernetics Core  
  20  1:38  Probe  
  21  1:46  Assimilator  
  21  1:50  Probe  
  21  1:53  Pylon  
  22  2:02  Adept, Probe  
  25  2:15  Stargate  
  25  2:16  Probe  
  26  2:26  Warp Gate  
  26  2:28  Probe  
  26  2:29  Adept  
  27  2:33  Probe  
  30  2:40  Probe  
  30  2:41  Probe  
  31  2:50  Phoenix  
  31  2:51  Probe  
  32  2:52  Probe  
  34  3:03  Probe  
  34  3:04  Probe  
  38  3:06  Oracle  
  38  3:10  Pylon  
  38  3:15  Probe  
  38  3:17  Probe  
  43  3:24  Assimilator  
  43  3:27  Assimilator, Probe  
  43  3:29  Probe  
  45  3:35  Probe  
  45  3:39  Robotics Facility  
  45  3:41  Probe  
  47  3:43  Probe  
  48  3:53  Probe x2, Twilight Council  
  50  3:56  Pylon  
  50  4:05  Probe  
  50  4:06  Probe  
  50  4:09  Charge  
  52  4:15  Warp Prism  
  52  4:18  Gateway  
  52  4:20  Gateway x2  
  54  4:32  Templar Archives  
  54  4:39  Gateway  
  54  4:42  Gateway  
  54  4:46  Zealot  
  54  4:48  Probe  
  54  4:49  Probe  
  58  4:58  Pylon  
  58  5:03  Pylon  
  58  5:10  Nexus  
  58  5:14  Pylon  
  58  5:17  High Templar x2  
  58  5:18  High Templar  
  58  5:19  High Templar  
  67  5:21  Observer  
  67  5:22  Archon  
  67  5:23  Archon  
  67  5:34  Probe  
  67  5:35  Probe  
  69  5:46  Psionic Storm  
  69  5:47  Probe x2  
  71  5:50  Zealot x3, Pylon  
  71  5:51  Zealot x3  
  83  6:02  Probe  
  84  6:05  Immortal, Probe  
  89  6:17  High Templar x2  
  93  6:31  High Templar  
  95  6:35  Probe x2  
  97  6:40  Gateway, Forge  
  97  6:43  Gateway  
  97  6:44  Immortal  
  93  6:47  High Templar, Zealot x2  
  99  6:57  Probe x2  
  99  6:58  Probe  
  99  6:59  Pylon  
  99  7:00  Pylon  
  99  7:01  Assimilator  
  106  7:05  Assimilator  
  106  7:10  Zealot  
  108  7:19  Zealot x5  
  86  7:36  Zealot  
  78  7:40  Zealot x5  
Tags
 
Add a new tag
Caveats
  • Supply blocks, unpowered buildings, or Contaminate may cause inaccurate times.
  • Supply counts are checked every 10 seconds.